 Dungeon Crawl Stone Soup version 0.23.0 (webtiles) character file.

Game seed: 4928603672403091169

11151 octopodrick the Nimble (level 11, -9/77 HPs)
             Began as an Octopode Chaos Knight on Feb 16, 2019.
             Was a Priest of Nemelex Xobeh.
             Mangled by a komodo dragon (16 damage)
             ... while petrified by a basilisk
             ... on level 1 of the Lair of Beasts.
             The game lasted 00:42:46 (19012 turns).

octopodrick the Nimble (Octopode Chaos Knight)     Turns: 19012, Time: 00:42:46

Health: -9/77      AC:  3    Str: 16    XL:     11   Next: 73%
Magic:  25/25      EV:  2    Int: 14    God:    Nemelex Xobeh [***...]
Gold:   197        SH:  0    Dex: 13    Spells: 6/15 levels left

rFire    x . .     SeeInvis .   V - +1 scimitar (freeze)
rCold    + . .     Gourm    .   C - +3 buckler
rNeg     + + +     Faith    .   (helmet restricted)
rPois    ∞         Spirit   .   (no amulet)
rElec    .         Reflect  .   d - ring of positive energy
rCorr    .         Harm     .   B - ring of poison resistance
MR       .....                  H - ring of magical power
Stlth    ++++......             r - ring of Potsum {Ice rPois Str+4}
HPRegen  0.22/turn              (no ring)
MPRegen  0.19/turn              (no ring)
                                (no ring)
                                (no ring)

@: petrified
A: almost no armour, stealthy swim, amphibious, 8 rings, constrict 8, antennae
1, iridescent scales 1, camouflage 1, blurry vision 1, clumsy 1, mutation
resistance 1, gelatinous body 1
a: Draw Escape, Draw Destruction, Draw Summoning, Triple Draw, Renounce Religion


You were on level 1 of the Lair of Beasts.
You worshipped Nemelex Xobeh.
Nemelex Xobeh was most pleased with you.
You were not hungry.

You visited 3 branches of the dungeon, and saw 13 of its levels.

You collected 729 gold pieces.
You spent 532 gold pieces at shops.

Inventory:

Hand Weapons
 a - a +6 great sword
 k - a +4 dagger
 x - a +0 blowgun
 y - a +0 short sword of protection
 R - a +0 scimitar of chaos
 V - a +1 scimitar of freezing (weapon)
Missiles
 c - 453 stones (quivered)
 A - 8 steel javelins
 D - 4 tomahawks of returning
 E - 41 poisoned needles
Armour
 C - a +3 buckler (worn)
Magical Staves
 m - an uncursed staff of air
 F - an uncursed staff of wizardry
Jewellery
 d - a ring of positive energy (left tentacle)
 r - the ring of Potsum (on tentacle) {Ice rPois Str+4}
   (You took it off a centaur on level 11 of the Dungeon)

   [ring of ice]

   It enhances your ice magic.
   It affects your strength (+4).
   It makes you vulnerable to fire.
   It protects you from cold.
   It protects you from poison.
 B - a ring of poison resistance (right tentacle)
 H - a ring of magical power (on tentacle)
Wands
 u - a wand of random effects (29)
 w - a wand of polymorph (2)
 G - a wand of enslavement (11)
 L - a wand of paralysis (3)
 N - a wand of acid (6)
Scrolls
 e - a scroll of noise {unknown}
 l - 3 scrolls of enchant armour
 n - 12 scrolls of remove curse {@r2}
 o - a scroll of enchant weapon {unknown}
 q - 2 scrolls of fear
 s - 4 scrolls of amnesia
 t - 4 scrolls of teleportation {@r3}
 J - a scroll of immolation {unknown}
 M - 2 scrolls of magic mapping
 P - a scroll of identify {@r1}
Potions
 f - 2 potions of brilliance
 g - 5 potions of mutation
 h - 3 potions of curing {@q1}
 i - 3 potions of flight
 j - 2 potions of resistance
 p - 3 potions of agility {unknown}
 z - a potion of might
 K - a potion of invisibility
 O - a potion of haste
 S - a potion of lignification {unknown}
Miscellaneous
 I - a sack of spiders
 U - a lightning rod (1/4)
Comestibles
 b - 27 rations
 v - 3 chunks of flesh


   Skills:
 + Level 7.9 Fighting
 * Level 8.7 Long Blades
 + Level 10.3 Dodging
 - Level 7.0 Stealth
 - Level 4.0 Shields
 + Level 2.6 Spellcasting
 - Level 2.0 Hexes
 - Level 2.0 Necromancy
 + Level 0.4 Air Magic
 - Level 7.3 Invocations
 - Level 2.0 Evocations


You had 6 spell levels left.
You knew the following spells:

 Your Spells              Type           Power        Failure   Level  Hunger
a - Animate Skeleton      Necr           N/A          10%         1    #......
b - Apportation           Tloc           #.....       22%         1    #......
c - Confusing Touch       Hex            #.....       10%         1    #......
d - Summon Small Mammal   Summ           #...         22%         1    #......
e - Silence               Hex/Air        #.........   98%         5    ######.

Your spell library contained the following spells:

 Spells                   Type           Power        Failure   Level  Hunger
 Beastly Appendage        Tmut           #.....       22%         1    #......
 Sticks to Snakes         Tmut           #.......     34%         2    ###....
 Spider Form              Tmut/Pois      #.........   56%         3    ###....
 Cause Fear               Hex            #.........   67%         4    #####..
 Ice Form                 Ice/Tmut       #.......     92%         4    #####..
 Blade Hands              Tmut           #.........   99%         5    ######.
 Yara's Violent Unravell  Hex/Tmut       #.........   99%         5    ######.
 Deflect Missiles         Chrm/Air       #.........   100%        6    #######
 Discord                  Hex            #.........   100%        8    #######


Dungeon Overview and Level Annotations

Branches:
Dungeon (11/15)            Temple (1/1) D:4            Lair (1/6) D:10
    Orc (0/2) D:11

Altars:
Ashenzari
Cheibriados
Dithmenos
Elyvilon
Fedhas
Gozag
Hepliaklqana
Kikubaaqudgha
Makhleb
Nemelex Xobeh
Okawaru
Qazlal
Ru
Sif Muna
Trog
Uskayaw
Vehumet
Wu Jian
Xom
Zin
The Shining One

Shops:
D:4 }   D:6 *

Annotations:
D:8 1 exclusion
D:10 exclusion: ice statue


Innate Abilities, Weirdness & Mutations

You cannot wear most types of armour.
You are very stealthy in the water. (Stealth+)
You are amphibious.
You can wear up to eight rings at the same time.
You can use your tentacles to constrict eight enemies at once.
Your skin changes colour to match your surroundings (Stealth+).
Your rubbery body absorbs attacks. (AC +1, EV +1)
You have a pair of small antennae on your head.
You are partially covered in iridescent scales. (AC +2)
Scrolls take you a little longer to read.
You are clumsy. (Dex -2)
You are somewhat resistant to further mutation.


Message History

The basilisk gazes at you. The hippogriff bites you. The hippogriff pecks you.
The hippogriff claws you.
The hippogriff bites you but does no damage.
The hippogriff pecks you! The hippogriff claws you. The hippogriff bites you!
The hippogriff barely misses you. The hippogriff claws you!
The basilisk bites you.
* * * LOW HITPOINT WARNING * * *
The komodo dragon bites you!!
* * * LOW HITPOINT WARNING * * *
The hippogriff bites you!
* * * LOW HITPOINT WARNING * * *
The hippogriff pecks you!
* * * LOW HITPOINT WARNING * * *
The hippogriff barely misses you. The basilisk bites you!
* * * LOW HITPOINT WARNING * * *
The komodo dragon bites you!!
You die...
Your body glows slightly and disappears.

..................
........###.##....
.#####..# ####.... #..#
..... #..# ##.... #..##
#.... #...#####....
#.########............
#...H@................
......ll................
.............##.+#......
..^.....................
............#.......#...
.........#..#...........
[.........#.P.......#...
.........#..............
....... #.#.......#...


You could see a komodo dragon, a hippogriff and a basilisk.

Vanquished Creatures
  4 ugly things
  A black mamba (Lair:1)
  A kobold demonologist (D:8)
  4 trolls
  Grinder (D:3)
  A hippogriff (D:8)
  A vampire (D:10)
  4 yaks (D:10)
  A wyvern (D:11)
  3 hungry ghosts
  A warg (D:8)
  Menkaure (D:5)
  4 orc warriors
  2 porcupines
  2 ice beasts
  2 sky beasts
  4 phantoms
  9 ogres
  A black bear (D:7)
  6 centaurs
  2 big kobolds
  A gnoll sergeant (D:7)
  5 bullfrogs
  5 scorpions
  7 killer bees
  8 wights
  6 howler monkeys
  3 crimson imps
  A quasit (D:8)
  9 orc priests
  2 bullfrog skeletons
  2 jellies
  5 hounds
  4 iguanas
  8 orc wizards
  2 centaur skeletons
  Ijyb (D:3)
  Jessica (D:2)
  Natasha (thrice) (D:2)
  12 worker ants
  2 hound skeletons
  A worker ant zombie (D:11)
  Robin (D:2)
  5 gnolls (D:7)
  10 adders
  A shadow imp (D:6)
  An ufetubus (D:8)
  2 oozes
  2 adder skeletons
  2 adder zombies (D:6)
  6 dart slugs
  4 leopard geckos
  44 orcs
  6 giant cockroaches
  16 goblins
  8 hobgoblins
  8 jackals
  4 quokkas
  8 bats
  5 frilled lizards
  17 kobolds
  8 rats
301 creatures vanquished.

Vanquished Creatures (collateral kills)
  A tarantella (D:8)
  4 killer bees
5 creatures vanquished.

Vanquished Creatures (others)
  An ogre (D:8)
  A scorpion (D:8)
  2 killer bees (D:10)
  An orc wizard (D:8)
  A ball lightning (D:11)
  An orc (D:8)
7 creatures vanquished.

Grand Total: 313 creatures vanquished

Notes
Turn   | Place    | Note
-------+----------+-------------------------------------------
     0 | D:1      | octopodrick the Octopode Chaos Knight began the quest for
                  | the Orb.
     0 | D:1      | Reached XP level 1. HP: 16/16 MP: 1/1
   162 | D:1      | Reached XP level 2. HP: 13/21 MP: 2/2
   265 | D:1      | XOM: harmless Necr miscast
   349 | D:1      | Reached skill level 1 in Stealth
   366 | D:1      | XOM: divination: magic mapping
   458 | D:1      | XOM: harmless Summ miscast
   758 | D:2      | Reached XP level 3. HP: 22/26 MP: 3/3
   858 | D:2      | Noticed Natasha
   989 | D:2      | Reached skill level 3 in Dodging
  1159 | D:2      | Noticed Jessica
  1163 | D:2      | Killed Jessica
  1163 | D:2      | Reached XP level 4. HP: 31/31 MP: 4/4
  1246 | D:2      | Reached XP level 5. HP: 36/36 MP: 5/5
  1608 | D:2      | Noticed Robin
  1863 | D:2      | XOM: divination: magic mapping
  2122 | D:2      | Killed Robin
  2306 | D:2      | Killed Natasha
  2306 | D:2      | XOM: scenery: 1 doors open, 1 doors close
  2394 | D:2      | XOM: harmless Fire miscast
  2598 | D:2      | XOM: summons 3 hostile shadow creatures
  2676 | D:2      | Noticed Natasha
  2684 | D:2      | Killed Natasha
  2684 | D:2      | Reached skill level 4 in Dodging
  2684 | D:2      | Reached XP level 6. HP: 39/43 MP: 6/6
  2752 | D:2      | Noticed Natasha
  2758 | D:2      | Killed Natasha
  2795 | D:3      | XOM: destruction
  2808 | D:3      | XOM: 1-stop teleportation journey
  3005 | D:3      | XOM: give mutations
  3005 | D:3      | Gained mutation: You are frail. (-10% HP) [Xom's mischief]
  3005 | D:3      | Gained mutation: You do not regenerate when monsters are
                  | visible. [Xom's mischief]
  3005 | D:3      | Gained mutation: You are dopey. (Int -2) [Xom's mischief]
  3005 | D:3      | Gained mutation: Scrolls take you a little longer to read.
                  | [Xom's mischief]
  3155 | D:3      | Noticed Ijyb
  3157 | D:3      | XOM: scenery: create altars
  3158 | D:3      | Killed Ijyb
  3545 | D:3      | XOM: scenery: create altars
  3730 | D:3      | Noticed Grinder
  3946 | D:4      | XOM: scenery: create altars
  3979 | D:4      | Found a staircase to the Ecumenical Temple.
  3988 | D:4      | Reached XP level 7. HP: 15/43 MP: 7/7
  4022 | Temple   | Entered the Ecumenical Temple
  4056 | Temple   | XOM: 1-stop teleportation journey
  4299 | Temple   | Fell from the grace of Xom
  4299 | Temple   | Became a worshipper of Nemelex Xobeh the Trickster
  4342 | D:4      | Found Ponounn's Gadget Emporium.
  4368 | D:4      | Found an ancient bone altar of Kikubaaqudgha.
  4381 | D:4      | Reached skill level 5 in Long Blades
  4499 | D:4      | Received a gift from Nemelex Xobeh
  4652 | D:4      | Reached skill level 1 in Shields
  4652 | D:4      | Reached skill level 1 in Invocations
  4652 | D:4      | Reached skill level 1 in Evocations
  4752 | D:4      | XOM: confusion
  4875 | D:4      | XOM: chaos cloud
  5096 | D:4      | Reached skill level 5 in Dodging
  5102 | D:4      | XOM: mild Conj miscast
  5270 | D:4      | XOM: draining
  5365 | D:5      | Entered Level 5 of the Dungeon
  5393 | D:5      | Reached XP level 8. HP: 48/48 MP: 9/9
  5611 | D:5      | Reached skill level 5 in Stealth
  6659 | D:5      | Noticed Menkaure
  6662 | D:5      | Killed Menkaure
  6662 | D:5      | Reached skill level 6 in Dodging
  6910 | D:6      | Reached skill level 5 in Fighting
  7055 | D:6      | Learned a level 1 spell: Animate Skeleton
  7057 | D:6      | Learned a level 1 spell: Apportation
  7059 | D:6      | Learned a level 1 spell: Confusing Touch
  7061 | D:6      | Learned a level 1 spell: Summon Small Mammal
  7217 | D:6      | Reached XP level 9. HP: 54/54 MP: 11/11
  7223 | D:6      | Reached skill level 1 in Hexes
  7316 | D:6      | Reached skill level 1 in Necromancy
  7350 | D:6      | Received a gift from Nemelex Xobeh
  7356 | D:6      | Reached * piety under Nemelex Xobeh
  7409 | D:6      | Got a slimy platinum ring
  7410 | D:6      | Identified the ring "Xaschea" {*Tele Str+6 Stlth-} (You
                  | found it on level 6 of the Dungeon)
  7494 | D:6      | Found Ugittemp's General Store.
  7527 | D:6      | Bought a potion of resistance for 120 gold pieces
  7527 | D:6      | Bought a scroll of identify for 24 gold pieces
  7527 | D:6      | Bought a scroll of identify for 24 gold pieces
  7808 | D:3      | Killed Grinder
  8634 | D:7      | XOM: summons 4 hostile demons
  8960 | D:7      | XOM: summons 1 hostile shadow creature
  8991 | D:7      | Reached skill level 7 in Dodging
  9919 | D:7      | Received a gift from Nemelex Xobeh
 10017 | D:7      | XOM: give mutations
 10017 | D:7      | Gained mutation: You are very dopey. (Int -4) [Xom's
                  | mischief]
 10017 | D:7      | Gained mutation: You are very frail. (-20% HP) [Xom's
                  | mischief]
 10017 | D:7      | Lost mutation: You are very dopey. (Int -4) [Xom's
                  | mischief]
 10081 | D:7      | Reached ** piety under Nemelex Xobeh
 10083 | D:7      | Found a snail-covered altar of Cheibriados.
 10139 | D:7      | XOM: give mutations
 10139 | D:7      | Lost mutation: You are very frail. (-20% HP) [Xom's
                  | mischief]
 10139 | D:7      | Gained mutation: You are clumsy. (Dex -2) [Xom's mischief]
 10279 | D:7      | Received a gift from Nemelex Xobeh
 10393 | D:7      | XOM: medium Necr miscast
 10688 | D:7      | XOM: medium Summ miscast
 10885 | D:7      | XOM: draining
 11351 | D:8      | Reached XP level 10. HP: 55/61 MP: 13/13
 11427 | D:8      | Reached skill level 8 in Dodging
 11628 | D:8      | Reached skill level 5 in Invocations
 11791 | D:8      | Noticed a kobold demonologist
 11839 | D:8      | Received a gift from Nemelex Xobeh
 12633 | D:8      | XOM: god gift: runed scimitar {god gift}
 12749 | D:8      | Noticed a soul eater
 12840 | D:8      | Killed a kobold demonologist
 13759 | D:4      | Bought a wand of acid (9) for 364 gold pieces
 13889 | D:9      | Reached skill level 9 in Dodging
 14192 | D:9      | Noticed a green ugly thing
 14670 | D:9      | Killed a green ugly thing
 14869 | D:9      | Reached XP level 11. HP: 67/67 MP: 15/15
 14898 | D:10     | Entered Level 10 of the Dungeon
 15213 | D:10     | XOM: noise
 15233 | D:10     | XOM: 1-stop teleportation journey
 15329 | D:10     | XOM: 1-stop teleportation journey
 15648 | D:10     | Reached skill level 1 in Spellcasting
 16151 | D:10     | Reached skill level 10 in Dodging
 16636 | D:10     | Found a staircase to the Lair.
 16920 | D:11     | Identified the ring of Potsum {Ice rPois Str+4}
 16967 | D:11     | Noticed a cyan ugly thing
 16982 | D:11     | Killed a cyan ugly thing
 17390 | D:11     | XOM: mild Air miscast
 17657 | D:11     | Reached *** piety under Nemelex Xobeh
 17658 | D:11     | XOM: medium Ice miscast
 17768 | D:11     | Found a staircase to the Orcish Mines.
 17769 | D:11     | Noticed a cyan ugly thing
 17786 | D:11     | Killed a cyan ugly thing
 17787 | D:11     | Noticed a cyan ugly thing
 18144 | D:11     | XOM: give mutation
 18144 | D:11     | Gained mutation: You are very clumsy. (Dex -4) [Xom's
                  | mischief]
 18266 | D:11     | XOM: noise
 18279 | D:11     | Killed a cyan ugly thing
 18411 | D:11     | XOM: mild Necr miscast
 18868 | D:11     | Learned a level 5 spell: Silence
 18932 | Lair:1   | Entered Level 1 of the Lair of Beasts
 18956 | Lair:1   | Lost mutation: You do not regenerate when monsters are
                  | visible. [potion of mutation]
 18956 | Lair:1   | Lost mutation: You are very clumsy. (Dex -4) [potion of
                  | mutation]
 18956 | Lair:1   | Lost mutation: You are frail. (-10% HP) [potion of
                  | mutation]
 18956 | Lair:1   | Gained mutation: You have a pair of small antennae on your
                  | head. [potion of mutation]
 18956 | Lair:1   | Lost mutation: You are dopey. (Int -2) [potion of mutation]
 18956 | Lair:1   | Gained mutation: You are partially covered in iridescent
                  | scales. (AC +2) [potion of mutation]
 18956 | Lair:1   | Gained mutation: You are somewhat resistant to further
                  | mutation. [potion of mutation]
 19012 | Lair:1   | Mangled by a komodo dragon

Skill      XL: |  1  2  3  4  5  6  7  8  9 10 11 |
---------------+----------------------------------+-----
Stealth        | 1 2 3 4 5 7 |  7.0
Dodging        | 3 4 5 6 7 9 10 | 10.3
Long Blades    | 4 5 6 7 8 |  8.7
Fighting       | 4 5 6 7 |  7.9
Shields        | 2 4 |  4.0
Invocations    | 2 3 4 6 7 |  7.3
Evocations     | 1 2 |  2.0
Hexes          | 2 |  2.0
Necromancy     | 2 |  2.0
Spellcasting   | 2 |  2.6
Air Magic      | |  0.4

Action                   |  1- 3 |  4- 6 |  7- 9 | 10-12 || total
-------------------------+-------+-------+-------+-------++-------
Melee: Falchion          |    48 |   142 |   256 |    71 ||   517
       Constrict         |    16 |    45 |    56 |    62 ||   179
       Tentacles         |    10 |    34 |    58 |    82 ||   184
       Scimitar          |       |       |       |   247 ||   247
       Great sword       |       |       |       |    18 ||    18
Throw: Stone             |       |     3 |     6 |     4 ||    13
 Cast: Animate Skeleton  |       |       |     2 |     8 ||    10
       Confusing Touch   |       |       |       |     1 ||     1
 Abil: Draw Destruction  |       |       |     6 |    20 ||    26
       Draw Escape       |       |       |     2 |       ||     2
       Draw Summoning    |       |       |     1 |     3 ||     4
Evoke: Wand              |       |     3 |    19 |    16 ||    38
       Lightning rod     |       |       |       |     3 ||     3
  Use: Scroll            |       |     4 |     7 |    13 ||    24
       Potion            |       |       |     4 |     2 ||     6
 Stab: Sleeping          |     7 |    12 |    15 |    22 ||    56
       Paralysed         |       |     2 |     5 |    10 ||    17
       Petrifying        |       |     1 |       |       ||     1
       Distracted        |       |       |     1 |     1 ||     2
       Confused          |       |       |       |     1 ||     1
  Eat: Chunk             |     1 |     9 |    17 |    20 ||    47
       Ration            |       |       |     3 |     2 ||     5
Armor: Skin              |     3 |     7 |     6 |     5 ||    21
Dodge: Dodged            |    31 |   104 |   167 |   222 ||   524
Block: Buckler           |       |       |    41 |    52 ||    93
       Rpst.: Falchion   |    11 |    27 |    46 |    15 ||    99
       Scimitar          |       |       |       |    31 ||    31
       Great sword       |       |       |       |    12 ||    12
